 Dungeon Crawl Stone Soup version 0.17-a0-1642-gd4b747b (webtiles) character file.

2598 Murumi the Blocker (level 9, -5/68 HPs)
             Began as a Formicid Fighter on Aug 8, 2015.
             Was a Follower of the Shining One.
             Killed from afar by a steam dragon (23 damage)
             ... with a ball of steam
             ... on level 7 of the Dungeon.
             The game lasted 00:31:05 (6416 turns).

Murumi the Blocker (Formicid Fighter)               Turns: 6416, Time: 00:31:05

Health: -5/68      AC: 13    Str: 24    XL:     9   Next: 89%
Magic:  9/9        EV:  9    Int:  8    God:    the Shining One [*.....]
Gold:   62         SH: 12    Dex: 10    Spells: 0 memorised, 8 levels left

rFire  . . .     SeeInvis +     a - +1 long sword
rCold  . . .     Clarity  .     o - +0 chain mail
rNeg   + + .     SustAt   .     c - +1 shield
rPois  .         Gourm    .     (helmet unavailable)
rElec  .         Spirit   .     n - +0 cloak
rCorr  .         Warding  .     p - +0 pair of gloves
rMut   .         Stasis   +     w - +0 pair of boots
MR     .....                    (no amulet)
Stlth  ..........               q - ring of positive energy
                                i - ring of positive energy

@: glowing, not resistant to hostile enchantments, extremely unstealthy
A: permanent stasis, dig shafts and tunnels, four strong arms, antennae 3
a: Dig, Shaft Self, Renounce Religion


You were on level 7 of the Dungeon.
You worshipped the Shining One.
The Shining One was aware of your devotion.
You were not hungry.

You visited 2 branches of the dungeon, and saw 8 of its levels.

You collected 225 gold pieces.
You spent 163 gold pieces at shops.

Inventory:

Hand weapons
 a - a +1 long sword (weapon)
 d - a +2 arbalest of evasion
Missiles
 s - 56 bolts
Armour
 c - a +1 shield (worn)
 n - a +0 cloak (worn)
 o - a +0 chain mail (worn)
 p - a +0 pair of gloves (worn)
 w - a +0 pair of boots (worn)
Jewellery
 i - a ring of positive energy (left hand)
 q - a ring of positive energy (right hand)
Magical devices
 v - a wand of frost (9)
Scrolls
 r - a scroll of amnesia
Potions
 b - a potion of resistance
 f - a potion of agility
 h - 5 potions of curing
 k - a potion of cancellation {unknown}
 m - a potion of magic {unknown}
 t - 2 potions of lignification {unknown}
 u - 2 potions of heal wounds {unknown}
Comestibles
 e - 4 bread rations
 g - a royal jelly
 j - 4 chunks of flesh
 l - 4 meat rations


   Skills:
 - Level 5.0 Fighting
 - Level 6.0 Long Blades
 + Level 5.9 Crossbows
 - Level 5.0 Armour
 - Level 4.0 Dodging
 - Level 9.0 Shields


You had 8 spell levels left.
You didn't know any spells.

Dungeon Overview and Level Annotations

Branches:
Dungeon (7/15)             Temple (1/1) D:6

Altars:
Ashenzari
Cheibriados
Dithmenos
Elyvilon
Fedhas
Gozag
Kikubaaqudgha
Makhleb
Nemelex Xobeh
Okawaru
Qazlal
Ru
Trog
Vehumet
Xom
Yredelemnul
Zin
The Shining One

Shops:
D:5 (   D:6 !


Innate Abilities, Weirdness & Mutations

You are under a permanent stasis effect.
You can dig through walls and to a lower floor.
Your four strong arms can wield two-handed weapons with a shield.
You have a pair of large antennae on your head (SInv).


Message History

You hit the steam dragon.
The steam dragon is severely wounded.
You block the steam dragon's attack.
The steam dragon claws you but does no damage.
You barely miss the steam dragon.
The steam dragon is severely wounded.
The steam dragon bites you but does no damage.
You block the steam dragon's attack. x2
The steam dragon claws you but does no damage.
You barely miss the steam dragon.
The steam dragon is severely wounded.
The steam dragon closely misses you. You block the steam dragon's attack.
You hit the steam dragon but do no damage.
The steam dragon is severely wounded.
You block the steam dragon's attack. x2
Your chain mail prevents you from hitting the steam dragon.
The steam dragon is severely wounded.
The steam dragon breathes steam at you. The ball of steam hits you!
You die...

...>.##.#.##.##.######.
##########...#..##........
......####.§§§§§...........
.......#...#§#§§.##........
.........##§....###........
...........§.##§#..........
..........#######.#########
........#####.....#
.........D@...#####
.........###### .......###
($....§ ....§§. ..)....
......D ....... .......


You could see a steam dragon.

Vanquished Creatures
  Pikel (D:4)
  Grinder (D:6)
  Sigmund (D:4)
  An ice beast (D:5)
  A sky beast (D:6)
  3 ogres
  2 centaurs
  A big kobold (D:6)
  A giant frog (D:6)
  Blork the orc (D:4)
  A gnoll sergeant (D:6)
  2 scorpions
  4 orc wizards (D:6)
  3 hounds
  5 orc priests
  A centaur skeleton (D:7)
  A jelly (D:7)
  Crazy Yiuf (D:3)
  2 crimson imps
  An iguana (D:5)
  A worker ant (D:4)
  A hound skeleton (D:5)
  Robin (D:3)
  7 gnolls
  8 adders
  A worm (D:4)
  An adder skeleton (D:6)
  An adder zombie (D:6)
  6 giant geckos
  16 orcs
  4 bats
  3 giant cockroaches
  7 hobgoblins
  4 jackals (D:2)
  7 quokkas
  2 ball python skeletons (D:4)
  5 giant newts
  8 goblins
  A jackal skeleton (D:4)
  12 kobolds
  11 rats
141 creatures vanquished.

Vanquished Creatures (others)
  2 adders
2 creatures vanquished.

Grand Total: 143 creatures vanquished

Notes
Turn   | Place    | Note
--------------------------------------------------------------
     0 | D:1      | Murumi the Formicid Fighter began the quest for the Orb.
     0 | D:1      | Reached XP level 1. HP: 18/18 MP: 1/1
   160 | D:1      | Reached skill level 4 in Shields
   271 | D:1      | Reached XP level 2. HP: 24/24 MP: 2/2
   287 | D:1      | Reached skill level 1 in Dodging
  1008 | D:2      | Reached XP level 3. HP: 29/29 MP: 3/3
  1549 | D:3      | Reached XP level 4. HP: 24/37 MP: 4/4
  1727 | D:3      | Noticed Robin
  1735 | D:3      | Killed Robin
  1826 | D:3      | Reached XP level 5. HP: 34/42 MP: 5/5
  2212 | D:3      | Reached skill level 5 in Armour
  2344 | D:3      | Noticed Crazy Yiuf
  2350 | D:3      | Killed Crazy Yiuf
  2563 | D:4      | Noticed an ogre
  2571 | D:4      | Killed an ogre
  2571 | D:4      | Reached XP level 6. HP: 14/48 MP: 6/6
  2828 | D:4      | Noticed Blork the orc
  2843 | D:4      | Killed Blork the orc
  2843 | D:4      | Reached XP level 7. HP: 36/54 MP: 7/7
  3062 | D:4      | Noticed a slave
  3065 | D:4      | Noticed Pikel
  3079 | D:4      | Noticed a slave
  3084 | D:4      | Noticed a slave
  3088 | D:4      | Killed Pikel
  3088 | D:4      | Reached skill level 7 in Shields
  3088 | D:4      | Reached XP level 8. HP: 40/60 MP: 8/8
  3106 | D:4      | Noticed a freed slave
  3302 | D:4      | Noticed Sigmund
  3324 | D:4      | Killed Sigmund
  3324 | D:4      | Reached skill level 8 in Shields
  3360 | D:4      | Found a sparkling altar of Nemelex Xobeh.
  3532 | D:4      | Found a blossoming altar of Fedhas.
  3534 | D:4      | Found a white marble altar of Elyvilon.
  3537 | D:4      | Found a snail-covered altar of Cheibriados.
  3537 | D:4      | Found a glowing golden altar of the Shining One.
  3811 | D:4      | Became a worshipper of the Shining One
  3923 | D:4      | Reached skill level 9 in Shields
  3990 | D:5      | Entered Level 5 of the Dungeon
  4292 | D:5      | Reached skill level 5 in Fighting
  4395 | D:5      | Reached skill level 5 in Long Blades
  4395 | D:5      | Reached XP level 9. HP: 50/68 MP: 9/9
  4400 | D:5      | Found Xaun's Antique Weapon Boutique.
  4408 | D:5      | Bought a runed arbalest for 121 gold pieces
  4529 | D:5      | Reached skill level 1 in Crossbows
  4716 | D:6      | Found a staircase to the Ecumenical Temple.
  4722 | Temple   | Entered the Ecumenical Temple
  4802 | D:6      | Found a shattered altar of Ashenzari.
  5042 | D:6      | Found Xugu's Distillery.
  5367 | D:6      | Bought a potion of poison for 14 gold pieces
  5367 | D:6      | Bought 2 potions of degeneration for 28 gold pieces
  5514 | D:6      | Reached skill level 5 in Crossbows
  5777 | D:6      | Acquired the Shining One's first power
  6097 | D:6      | Noticed Grinder
  6112 | D:6      | Killed Grinder
  6416 | D:7      | Killed from afar by a steam dragon

Vault maps used:
D:1:      mrwooster_arrival_arrow
D:2:      first_bread
D:3:      patterned_corridor, uniq_robin, uniq_crazy_yiuf_cottage
D:4:      nicolae_overflow_hidden_temple, hangedman_abyss_or_decor_stagger,
          nemelex_spade_bored_becter, uniq_blork_the_orc, uniq_sigmund,
          uniq_pikel
D:5:      serial_shops, nicolae_shop_trees
D:6:      minmay_temple_entry_enclosed_plants, serial_shops, shop,
          evilmike_ruin_ashenzari, uniq_grinder
D:7:      jiyva_altar_1
Temple:   nicolae_temple_god_jail

Action                   |  1- 3 |  4- 6 |  7- 9 || total
-------------------------+-------+-------+-------++-------
Melee: Long sword        |   122 |   166 |   367 ||   655
 Fire: Arbalest          |       |       |    13 ||    13
 Abil: Dig               |       |     1 |     6 ||     7
  Use: Scroll            |     6 |     3 |     6 ||    15
       Potion            |       |       |     3 ||     3
  Eat: Chunk             |     2 |     5 |    11 ||    18
       Pizza             |       |       |     1 ||     1
